 Dungeon Crawl Stone Soup version 0.18-a0-1308-g45b86c9 (webtiles) character file.

10 Reinor the Ducker (level 2, 0/16 HPs)
             Began as a Spriggan Abyssal Knight on Feb 13, 2016.
             Was a Follower of Lugonu.
             Slain by a jackal (3 damage)
             ... on level 1 of the Dungeon.
             The game lasted 00:01:25 (650 turns).

Reinor the Ducker (Spriggan Abyssal Knight)          Turns: 650, Time: 00:01:25

Health: 0/16       AC:  1    Str:  8    XL:     2   Next: 10%
Magic:  4/4        EV: 18    Int: 13    God:    Lugonu [*.....]
Gold:   26         SH:  0    Dex: 15    Spells: 0 memorised, 1 level left

rFire  . . .     SeeInvis +     a - +1 short sword
rCold  . . .     Gourm    .     b - +0 robe
rNeg   . . .     Faith    .     (shield restricted)
rPois  .         Spirit   .     (helmet restricted)
rElec  .         Dismiss  .     (no cloak)
rCorr  .         Reflect  .     (gloves unavailable)
SustAt .         Harm     .     (boots unavailable)
MR     .....                    (no amulet)
Stlth  ++........               (no ring)
                                (no ring)

@: very quick, not resistant to hostile enchantments, unstealthy
A: unfitting armour, talons 2, see invisible, deformed body, herbivore 3, speed
3, slow metabolism 2
a: Depart the Abyss, Renounce Religion


You were on level 1 of the Dungeon.
You worshipped Lugonu.
Lugonu was aware of your devotion.
You were not hungry.

You visited 1 branch of the dungeon, and saw 1 of its levels.
You visited the Abyss 1 time.

You collected 26 gold pieces.

Inventory:

Hand Weapons
 a - a +1 short sword (weapon)
Armour
 b - a +0 robe (worn)
Potions
 f - 3 potions of cure mutation {unknown}
Comestibles
 c - a bread ration
 d - 5 fruits


   Skills:
 - Level 2.4 Fighting
 + Level 2.5 Short Blades
 - Level 3.5 Dodging
 + Level 2.2 Stealth
 - Level 1.7 Invocations


You had one spell level left.
You didn't know any spells.

Dungeon Overview and Level Annotations

Branches:
Dungeon (1/15)

Altars:


Innate Abilities, Weirdness & Mutations

You are tiny and cannot use many weapons and most armour.
You have supernaturally acute eyesight.
You are an herbivore.
You cover ground extremely quickly.
You need consume almost no food.
You have razor-sharp toenails.
Armour fits poorly on your strangely shaped body.


Message History

The ooze hits you.
* * * LOW HITPOINT WARNING * * *
The hobgoblin closely misses you. The jackal completely misses you.
The ooze jiggles.
Found a club.
You hit the hobgoblin.
The hobgoblin is heavily wounded.
The hobgoblin misses you.
You hit the hobgoblin.
You kill the hobgoblin!
Lugonu accepts your kill.
You hit the jackal.
The jackal is severely wounded.
The jackal bites you.
* * * LOW HITPOINT WARNING * * *
The jackal closely misses you.
You closely miss the jackal. You claw the jackal, but do no damage.
The jackal is severely wounded.
The jackal bites you.
You die...

#.....#.....##.....
)...
#.....########.....
..... ####.##
#..... .... #.#
###### ...# #.# #..
#.# .. #.## #.#
....##..#####.#
.........Jh@..#
...###K####..#
..##..####..###
..#.#.#.#.#.#..#
.......h.....#.##
..#.#.#.#J#.#.)...
#.....K..........
##.#.#.#.#.#......
#......(†.........


You could see an ooze, a jackal and a kobold.

Vanquished Creatures
  2 giant geckos (D:1)
  2 hobgoblins (D:1)
  3 bats (D:1)
  2 rats (D:1)
9 creatures vanquished.

Notes
Turn   | Place    | Note
--------------------------------------------------------------
     0 | Abyss:1  | Reinor the Spriggan Abyssal Knight began the quest for the Orb.
     0 | Abyss:1  | Reached XP level 1. HP: 11/11 MP: 3/3
    24 | Abyss:1  | Found a corrupted altar of Lugonu.
    58 | Abyss:1  | Found a snail-covered altar of Cheibriados.
   111 | Abyss:1  | Noticed a chaos spawn
   132 | Abyss:1  | Noticed a chaos spawn
   150 | Abyss:1  | Noticed a thrashing horror
   155 | D:1      | Escaped the Abyss
   167 | D:1      | Gained mutation: You have sharp toenails. [potion of mutation]
   167 | D:1      | Gained mutation: You have razor-sharp toenails. [potion of mutation]
   167 | D:1      | Gained mutation: Armour fits poorly on your strangely shaped body. [potion of mutation]
   183 | D:1      | Reached * piety under Lugonu
   240 | D:1      | Reached skill level 1 in Stealth
   630 | D:1      | Reached XP level 2. HP: 14/16 MP: 4/4
   650 | D:1      | Slain by a jackal

Vault maps used:
D:1:      minmay_arrival_checkered_box, serial_curves, eino_curves_04,
          eino_curves_02, st_stairs_10

Action                   || total
-------------------------++-------
Melee: Short sword       ||    33
Invok: Depart the Abyss  ||     1
  Use: Scroll            ||     1
       Potion            ||     1
